AoeStats
← Erickinio

Lombardia

508072742Analyzed
4v4 RM · 11d ago on Sep 20, 2026· 57m 59s· 8 players
Game mode
Random Map
Map size
Large (8 player)
Population
200
Speed
Normal
Resources
Standard
Victory
Conquest
Starting age
Dark Age
Ending age
Imperial Age
RankedLock teamsTeams togetherTeam positionsShared explorationLock speedFull tech treeHidden civsTurbo modeCheats
Victory
Defeat
🇹🇷 Mongols · Türkiye
903
+13
🇪🇸 Spanish · Spain
853
+15
🇩🇪 Franks · Germany
852
+15
🇹🇷 Huns · Türkiye
801
+17
🇮🇹 Saracens · Italy
917
-18
🇦🇷 Inca · Argentina
817
-14
🇦🇷 Celts · Argentina
811
-14
🇺🇸 Cumans · United States
796
-14
Destiny
10:59 Feudal Age
16:43 Castle Age
16:27 Double-Bit Axe
25:08 Bow Saw
24:52 Gold Mining
24:54 Stone Mining
28:43 Wheelbarrow
28:01 Loom
28:03 Town Watch
31:00 Imperial Age
29:33 Gold Shaft Mining
29:53 Forging
29:48 Scale Barding Armor
31:09 Hand Cart
32:05 Husbandry
31:28 Cavalier
32:47 Iron Casting
32:33 Chain Barding Armor
32:55 Paladin
34:53 Conscription
36:56 Blast Furnace
37:32 #83
38:18 Elite Throwing Axeman
39:06 Chivalry
40:15 Fletching
41:01 Plate Barding Armor
42:51 Ballistics
42:37 Siege Engineers
42:43 Masonry
43:37 Scale Mail Armor
43:32 Bodkin Arrow
45:13 Hoardings
45:49 Chain Mail Armor
47:38 Caravan
52:03 Pikeman
56:22 Plate Mail Armor
nintokutenno
10:19 Feudal Age
11:51 Wheelbarrow
10:57 Horse Collar
11:20 Town Watch
11:22 Double-Bit Axe
12:53 Stone Mining
13:26 Gold Mining
23:44 Castle Age
22:09 Scale Barding Armor
25:13 Hand Cart
25:36 Gold Shaft Mining
25:35 Bow Saw
25:32 Town Patrol
25:52 Bloodlines
25:43 Husbandry
27:30 Caravan
28:14 Marauders
29:11 Chain Barding Armor
33:13 Imperial Age
32:31 Masonry
34:03 Elite Tarkan
35:04 Conscription
35:58 Two-Man Saw
35:02 Heavy Plow
36:24 Plate Barding Armor
SGTSanju
12:21 Feudal Age
16:07 Castle Age
14:14 Double-Bit Axe
15:24 Horse Collar
15:37 Gold Mining
23:00 Bow Saw
29:41 Stone Mining
33:08 Bloodlines
32:58 Husbandry
33:10 Forging
33:05 Scale Barding Armor
36:14 Imperial Age
34:20 Wheelbarrow
33:55 Heavy Plow
37:07 Iron Casting
36:52 Chain Barding Armor
36:38 Loom
37:08 Hand Cart
36:54 Cavalier
39:30 Conscription
39:52 Paladin
45:23 Blast Furnace
44:58 Plate Barding Armor
49:13 Caravan
49:54 Light Cavalry
JOSE_JOE
9:22 Loom
11:08 Feudal Age
12:54 Double-Bit Axe
14:36 Gold Mining
19:50 Castle Age
18:48 Fletching
18:59 Padded Archer Armor
21:31 Bodkin Arrow
24:22 Gold Shaft Mining
26:06 Bow Saw
30:16 Horse Collar
33:55 Imperial Age
33:26 Stone Mining
34:02 Ballistics
34:21 Wheelbarrow
33:32 Town Watch
34:05 Leather Archer Armor
34:01 Forging
34:49 Stone Shaft Mining
35:43 Hand Cart
35:29 Town Patrol
36:38 Town Patrol
37:18 Conscription
37:34 Bloodlines
37:24 Husbandry
36:48 Light Cavalry
39:08 Parthian Tactics
38:49 Thumb Ring
39:05 Heavy Plow
39:05 Heavy Cavalry Archer
43:11 Bracer
44:15 Chemistry
43:26 Masonry
43:12 Murder Holes
43:22 Siege Engineers
44:20 Hussar
46:48 Hoardings
46:16 Nomads
46:50 Scale Barding Armor
47:21 Iron Casting
Mr Cobb
0:43 Loom
11:54 Feudal Age
19:59 Castle Age
18:00 Stone Mining
17:59 Double-Bit Axe
18:45 Horse Collar
22:02 Gold Mining
25:07 Heavy Plow
31:48 Imperial Age
29:56 Wheelbarrow
29:08 Town Watch
30:20 Bow Saw
32:06 Gold Shaft Mining
32:13 Stone Shaft Mining
31:23 Champi Runner
32:05 Squires
31:54 Arson
32:22 Forging
32:12 Scale Mail Armor
32:48 Hand Cart
32:39 Champi Warrior
34:00 Town Patrol
34:33 Crop Rotation
33:34 Pikeman
34:15 Elite Champi Warrior
36:29 Caravan
37:00 Coinage
36:43 Guilds
38:42 Fabric Shields
39:04 Conscription
40:13 Banking
40:16 Halberdier
47:19 Iron Casting
46:59 Chain Mail Armor
46:35 Fletching
46:45 Padded Archer Armor
53:47 Blast Furnace
53:17 Plate Mail Armor
又菜又爱玩
11:14 Feudal Age
11:55 Double-Bit Axe
16:47 Wheelbarrow
16:45 Stone Mining
16:47 Gold Mining
22:02 Castle Age
20:33 Horse Collar
23:13 Bow Saw
24:06 Heavy Plow
24:00 Fletching
24:11 Padded Archer Armor
24:58 Hand Cart
25:49 Gold Shaft Mining
27:29 Fervor
29:02 Bodkin Arrow
29:23 Leather Archer Armor
30:57 Scale Barding Armor
33:39 Imperial Age
31:36 Ballistics
32:50 Bloodlines
33:53 Chain Barding Armor
34:00 Steppe Husbandry
35:39 Plate Barding Armor
35:34 Ring Archer Armor
35:15 Forging
36:10 Chemistry
35:53 Crop Rotation
36:30 Two-Man Saw
35:57 Conscription
35:11 Elite Steppe Lancer
36:05 Elite Kipchak
38:53 Steppe Husbandry
38:54 Cuman Mercenaries
39:28 Pikeman
40:09 Squires
39:55 Arson
40:18 Scale Mail Armor
40:54 Iron Casting
40:42 Halberdier
41:43 Chain Mail Armor
42:38 Loom
Porfido
12:59 Feudal Age
14:27 Loom
17:26 Castle Age
15:38 Double-Bit Axe
15:35 Horse Collar
20:29 Heavy Plow
20:42 Bow Saw
22:06 Wheelbarrow
25:14 Hand Cart
30:29 Imperial Age
29:21 Scale Barding Armor
30:21 Forging
30:32 Chain Barding Armor
31:21 Bloodlines
31:12 Husbandry
31:19 Gold Mining
31:02 Elite Mameluke
33:07 Plate Barding Armor
33:30 Gold Shaft Mining
34:58 Conscription
38:27 Iron Casting
Erickinio
11:32 Feudal Age
11:09 Loom
12:13 Double-Bit Axe
18:24 Castle Age
17:06 Horse Collar
21:27 Bow Saw
24:45 Heavy Plow
26:37 Wheelbarrow
26:29 Treadmill Crane
27:41 Hand Cart
27:24 Pikeman
27:52 Gambesons
28:53 Stone Mining
30:14 Forging
30:04 Scale Mail Armor
30:38 Town Watch
31:32 Iron Casting
31:32 Gold Mining
32:23 Stone Shaft Mining
32:16 Stronghold
32:40 Town Patrol
33:36 Gold Shaft Mining
33:36 Murder Holes
37:09 Imperial Age
35:36 Chain Mail Armor
36:47 Masonry
38:13 Conscription
37:29 Heavy Scorpion
39:12 Blast Furnace
39:51 Chemistry
39:14 Conscription
39:30 Halberdier
41:30 Plate Mail Armor
41:28 Arson
42:43 Onager
44:57 Siege Onager
48:59 Fletching
49:09 Padded Archer Armor
48:36 Elite Woad Raider
50:36 Bodkin Arrow
50:56 Leather Archer Armor
50:04 Elite Skirmisher
54:33 Furor Celtica
Connection lost

Rejoining the realm…

Still unreachable

The connection could not be restored.

Session expired

The server has moved on; the page needs a fresh start.